 Dungeon Crawl Stone Soup version 0.25.0-9-g26727b657a (webtiles) character file.

Game seed: 9977375046110726626

9028 mortelune the Arsonist (level 11, -3/79 HPs)
             Began as an Octopode Fire Elementalist on June 19, 2020.
             Was a Priest of Vehumet.
             Slain by a black mamba (4 damage)
             ... while petrified by a basilisk
             ... on level 9 of the Dungeon.
             The game lasted 00:52:45 (17993 turns).

mortelune the Arsonist (OpFE)                      Turns: 17993, Time: 00:52:45

Health: -3/79      AC:  7    Str: 13    XL:     11   Next: 40%
Magic:  16/28      EV:  2    Int: 27    God:    Vehumet [***...]
Gold:   568        SH:  0    Dex: 13    Spells: 4/21 levels left

rFire    . . .     SeeInvis .   z - +0 whip (flame)
rCold    . . .     Gourm    .   (no shield)
rNeg     + + +     Faith    +   (helmet restricted)
rPois    ∞         Spirit   .   y - amulet "Elamif" {Faith Int+6}
rElec    .         Reflect  .   P - ring of poison resistance
rCorr    .         Harm     .   F - +6 ring of strength
MR       .....     Rnd*Rage +   o - ring of magical power
Stlth    +++++.....             l - +4 ring of protection
HPRegen  0.63/turn              (no ring)
MPRegen  0.21/turn              (no ring)
                                (no ring)
                                (no ring)

@: petrified
A: almost no armour, stealthy swim, amphibious, 8 rings, constrict 8, yellow
scales 1, camouflage 1, berserk 1, poison resistance, regeneration 1, robust 1,
gelatinous body 1
a: Renounce Religion


You were on level 9 of the Dungeon.
You worshipped Vehumet.
Vehumet was most pleased with you.
You were very hungry.

You visited 3 branches of the dungeon, and saw 12 of its levels.
You also visited: Ossuary.

You collected 568 gold pieces.

Inventory:

Hand Weapons
 j - a +0 mace
 z - a +0 whip of flaming (weapon)
Missiles
 H - 25 poisoned darts (quivered)
 J - 5 curare-tipped darts
Armour
 v - a +0 cloak
 D - a +0 kite shield
Magical Staves
 x - an uncursed staff of earth
Jewellery
 l - a +4 ring of protection (on tentacle)
 o - a ring of magical power (on tentacle)
 y - the amulet "Elamif" (around mantle) {Faith Int+6}
   (You took it off a gnoll on level 9 of the Dungeon)

   [amulet of faith]

   It allows you to gain divine favour quickly.
   It affects your intelligence (+6).
 F - a +6 ring of strength (right tentacle)
 P - a ring of poison resistance (left tentacle)
 R - an uncursed amulet of regeneration
Scrolls
 c - 7 scrolls of remove curse
 f - a scroll of fog
 i - 3 scrolls of identify
 r - 7 scrolls of random uselessness
 t - a scroll of teleportation
 B - a scroll of immolation
 C - 2 scrolls of magic mapping
 E - a scroll of torment {unknown}
 G - a scroll of blinking {unknown}
 I - a scroll of acquirement {unknown}
Potions
 a - a potion of berserk rage
 d - 11 potions of degeneration
 e - 2 potions of ambrosia
 g - a potion of stabbing {unknown}
 h - 6 potions of might
 k - 2 potions of haste
 m - 3 potions of mutation
 n - 2 potions of heal wounds
 p - a potion of brilliance
 q - a potion of magic
 s - 12 potions of curing
 u - 2 potions of invisibility {unknown}
 w - 4 potions of lignification
Miscellaneous
 A - a phantom mirror
Comestibles
 b - 15 rations


   Skills:
 + Level 5.7 Fighting
 + Level 6.3 Dodging
 - Level 8.0 Stealth
 + Level 5.7 Spellcasting
 * Level 9.4 Conjurations
 * Level 9.7 Fire Magic


You had 4 spell levels left.
You knew the following spells:

 Your Spells              Type           Power        Failure   Level  Hunger
a - Foxfire               Conj/Fire      ####         1%          1    None
b - Inner Flame           Hex/Fire       ####....     1%          3    None
c - Sticky Flame          Conj/Fire      ######..     1%          4    ###....
d - Fireball              Conj/Fire      ######....   1%          5    #####..
e - Airstrike             Air            #.........   17%         4    ###....

Your spell library contained the following spells:

 Spells                   Type           Power        Failure   Level  Hunger
 Magic Dart               Conj           ####         1%          1    None
 Searing Ray              Conj           ######       1%          2    None
 Conjure Flame            Conj/Fire      ######..     1%          3    None
 Dazzling Flash           Conj/Hex       ####..       1%          3    None
 Fulminant Prism          Conj/Hex       ####......   2%          4    ###....
 Iskenderun's Mystic Bla  Conj/Tloc      ####....     2%          4    ###....
 Beastly Appendage        Tmut           #.....       7%          1    None
 Sticks to Snakes         Tmut           #.......     10%         2    None
 Confusing Touch          Hex            #.......     21%         3    None
 Gell's Gravitas          Tloc           #.........   21%         3    None
 Spider Form              Tmut/Pois      #.........   21%         3    None
 Ice Form                 Ice/Tmut       #.......     54%         4    ###....
 Petrify                  Tmut/Erth      #.......     54%         4    ###....
 Yara's Violent Unravell  Hex/Tmut       #.........   41%         5    #####..
 Blade Hands              Tmut           #.........   88%         5    #####..
 Metabolic Englaciation   Hex/Ice        #.........   88%         5    #####..


Dungeon Overview and Level Annotations

Branches:
Dungeon (10/15)            Temple (1/1) D:7            Lair (1/6) D:9
Ossuary (visited)
    Orc: D:9-12

Altars:
Ashenzari
Cheibriados
Dithmenos
Elyvilon
Fedhas
Gozag
Hepliaklqana
Kikubaaqudgha
Makhleb
Nemelex Xobeh
Okawaru
Qazlal
Ru
Sif Muna
Trog
Uskayaw
Vehumet
Wu Jian
Xom
Yredelemnul
Zin
The Shining One

Shops:
D:5 %

Annotations:
D:4 2 transporters, MisterFreud's ghost, novice GrMo
D:7 Joseph
D:9 3 runed translucent doors, SkeletonJelly's ghost, novice DDFi


Innate Abilities, Weirdness & Mutations

You cannot wear most types of armour.
You are very stealthy in the water. (Stealth+)
You are amphibious.
You can wear up to eight rings at the same time.
You can use your tentacles to constrict eight enemies at once.
Your skin changes colour to match your surroundings (Stealth+).
Your rubbery body absorbs attacks. (AC +1, EV +1)
You are partially covered in yellow scales. (AC +2)
You tend to lose your temper in combat.
Your system is resistant to poisons. (rPois)
Your natural rate of healing is unusually fast.
You are robust. (+10% HP)


Message History

The black mamba bites you!!
The bullfrog hits you but does no damage.
The black mamba bites you!
The bullfrog hits you but does no damage.
The black mamba bites you. The black mamba bites you! The bullfrog hits you.
The black mamba bites you!
* * * LOW HITPOINT WARNING * * *
The bullfrog hits you.
* * * LOW HITPOINT WARNING * * *
The black mamba completely misses you. The bullfrog hits you!
* * * LOW HITPOINT WARNING * * *
The black mamba bites you!
* * * LOW HITPOINT WARNING * * *
The bullfrog hits you.
* * * LOW HITPOINT WARNING * * *
The black mamba bites you!
* * * LOW HITPOINT WARNING * * *
The bullfrog hits you but does no damage.
The black mamba bites you!
You die...

....#........#.............# ####
....#........#.....#.......# #.##
....#.......###...###......# #.#$
....#.......##.....##=.[...###.+$
#####.#######..))...#..##.###..+.
...##.####..#.......#..##.##...+C
..............P................#l
...............................##
...............S@F............###
..............................#
...##.####...........#'##'##..#
...##+####..#.......#.......###
.........#..#.......#.......#
.........#..##.....##.......#
.........#..###...###.......#
.........#....##.###.....[..#
.........#.......# #........#


You could see a black mamba and a bullfrog.

Vanquished Creatures
  Harold (D:8)
  2 unseen horrors (D:10)
  Pikel (D:6)
  A gargoyle (D:10)
  A hippogriff (D:7)
  Sigmund (D:2)
  A spriggan (D:10)
  A hungry ghost (D:8)
  Grum (D:8)
  2 wargs (D:9)
  A porcupine (Lair:1)
  3 orc warriors
  An eye of draining (D:10)
  2 black bears
  An ice beast (D:6)
  5 phantoms
  3 sky beasts (D:9)
  2 wolves (D:7)
  3 ogres
  2 necrophages
  7 centaurs
  A crocodile (D:10)
  2 big kobolds
  A gnoll sergeant (D:9)
  4 bullfrogs
  A wyvern zombie (D:8)
  3 scorpions
  7 wights
  An electric eel (D:10)
  5 howler monkeys
  6 crimson imps
  2 quasits
  7 hounds
  A human zombie (Ossuary)
  6 orc priests
  2 bullfrog skeletons
  A centaur skeleton (D:9)
  Terence (D:3)
  8 worker ants
  3 iguanas
  6 orc wizards
  A big kobold zombie (Ossuary)
  2 hound zombies (D:6)
  4 mummies (Ossuary)
  3 worker ant zombies
  Robin (D:3)
  11 gnolls
  14 adders
  A shadow imp (D:7)
  2 oozes
  4 adder skeletons
  2 adder zombies
  3 worms
  11 dart slugs
  5 leopard geckos
  19 orcs
  6 giant cockroaches
  12 goblins
  13 hobgoblins
  15 jackals
  15 kobolds
  5 quokkas
  A ball python (D:6)
  12 bats
  5 frilled lizards
  A giant cockroach zombie (D:5)
  2 goblin zombies (Ossuary)
  A hobgoblin zombie (Ossuary)
  3 kobold zombies (Ossuary)
  A leopard gecko skeleton (D:6)
  4 quokka skeletons
  10 rats
299 creatures vanquished.

Vanquished Creatures (collateral kills)
  A bat (D:3)
  A rat (D:2)
2 creatures vanquished.

Vanquished Creatures (others)
  3 slaves (D:6)
  A bullfrog (D:6)
  A jelly (D:6)
  A bullfrog skeleton (D:6)
  A hound (D:6)
  A worker ant (D:6)
  2 orcs (D:6)
  A jackal (D:6)
  627 foxfires
  5 plants (D:4)
643 creatures vanquished.

Grand Total: 944 creatures vanquished

Notes
Turn   | Place    | Note
-------+----------+-------------------------------------------
     0 | D:1      | mortelune the Octopode Fire Elementalist began the quest
                  | for the Orb.
     0 | D:1      | Reached XP level 1. HP: 11/11 MP: 3/3
   638 | D:1      | Reached XP level 2. HP: 17/17 MP: 3/5
  1672 | D:1      | Reached XP level 3. HP: 21/21 MP: 2/6
  2157 | D:2      | Noticed Sigmund
  2424 | D:2      | Found a shimmering altar of Xom.
  2428 | D:2      | Found an ancient bone altar of Kikubaaqudgha.
  2431 | D:2      | Found a shadowy altar of Dithmenos.
  2436 | D:2      | Found an iron altar of Okawaru.
  2544 | D:3      | Reached XP level 4. HP: 27/27 MP: 0/8
  2715 | D:3      | Learned a level 3 spell: Inner Flame
  3304 | D:3      | Noticed Terence
  3337 | D:3      | Killed Terence
  3337 | D:3      | Reached XP level 5. HP: 15/31 MP: 3/9
  3823 | D:3      | Found a stormy altar of Qazlal.
  3826 | D:3      | Noticed a fire elemental
  3826 | D:3      | Noticed an air elemental
  3826 | D:3      | Noticed a water elemental
  3966 | D:3      | Noticed Robin
  5183 | D:4      | Reached XP level 6. HP: 36/36 MP: 4/11
  5334 | D:4      | Found a basalt altar of Yredelemnul.
  5390 | D:4      | Found a transporter.
  5536 | D:4      | Learned a level 4 spell: Sticky Flame
  6229 | D:4      | Noticed MisterFreud's ghost (novice GrMo)
  6229 | D:4      | Identified the cursed +0 kite shield of Subjectivity {rN+
                  | rCorr Str-2}
  6544 | D:4      | Found a transporter.
  6882 | D:4      | Gained mutation: You tend to lose your temper in combat.
                  | [potion of mutation]
  6882 | D:4      | Gained mutation: You are partially covered in yellow
                  | scales. (AC +2) [potion of mutation]
  6882 | D:4      | Gained mutation: Your system is resistant to poisons.
                  | (rPois) [potion of mutation]
  6882 | D:4      | Gained mutation: One of your tentacles bears a spike.
                  | [potion of mutation]
  6883 | D:4      | Lost mutation: One of your tentacles bears a spike. [potion
                  | of mutation]
  6883 | D:4      | Gained mutation: You are robust. (+10% HP) [potion of
                  | mutation]
  6883 | D:4      | Gained mutation: Your natural rate of healing is unusually
                  | fast. [potion of mutation]
  6918 | D:5      | Entered Level 5 of the Dungeon
  6918 | D:5      | Noticed a phantom
  6925 | D:5      | Killed a phantom
  6925 | D:5      | Reached skill level 1 in Fighting
  6925 | D:5      | Reached skill level 5 in Fire Magic
  6925 | D:5      | Reached XP level 7. HP: 47/47 MP: 13/13
  7813 | D:5      | Found Dyirain's Food Emporium.
  8039 | D:6      | Learned a level 5 spell: Fireball
  8048 | D:6      | Noticed Pikel
  8064 | D:6      | Killed Pikel
  8064 | D:6      | Reached skill level 5 in Conjurations
  8064 | D:6      | Reached XP level 8. HP: 56/56 MP: 14/14
  8437 | D:6      | Found a sparkling altar of Nemelex Xobeh.
  8947 | D:6      | Reached XP level 9. HP: 61/61 MP: 16/16
  8952 | D:6      | Reached skill level 5 in Spellcasting
  9144 | D:6      | Found a glowing silver altar of Zin.
  9146 | D:6      | Noticed an angel
  9833 | D:7      | Noticed Joseph
 10047 | D:7      | Found a staircase to the Ecumenical Temple.
 10058 | Temple   | Entered the Ecumenical Temple
 10291 | Temple   | Became a worshipper of Vehumet
 11001 | D:3      | Killed Robin
 11112 | D:2      | Killed Sigmund
 11944 | D:8      | Found a sand-covered staircase.
 11960 | Ossuary  | Entered an ossuary
 12163 | Ossuary  | Reached * piety under Vehumet
 12163 | Ossuary  | Offered knowledge of Sandblast by Vehumet.
 13150 | D:8      | Noticed Harold
 13154 | D:8      | Noticed Grum
 13175 | D:7      | Reached XP level 10. HP: 61/70 MP: 15/18
 13194 | D:7      | Reached skill level 5 in Dodging
 13658 | D:8      | Killed Harold
 13658 | D:8      | Reached skill level 5 in Stealth
 13702 | D:8      | Killed Grum
 14515 | D:9      | Offered knowledge of Shock by Vehumet.
 14516 | D:9      | Reached ** piety under Vehumet
 14858 | D:9      | Identified the amulet "Elamif" {Faith Int+6}
 15585 | D:9      | Reached skill level 5 in Fighting
 15685 | D:9      | Offered knowledge of Ignite Poison by Vehumet.
 15923 | D:9      | Found a staircase to the Lair.
 15938 | D:9      | Found a runed translucent gate.
 15938 | D:9      | Found a runed translucent gate.
 15938 | D:9      | Found an opulent altar of Gozag.
 15938 | D:9      | Found a runed translucent gate.
 15940 | D:9      | Noticed a stone giant
 15940 | D:9      | Noticed SkeletonJelly's ghost (novice DDFi)
 16374 | D:10     | Entered Level 10 of the Dungeon
 16419 | D:10     | Reached XP level 11. HP: 79/79 MP: 9/19
 16560 | D:10     | Killed an unseen horror
 16648 | D:10     | Reached *** piety under Vehumet
 16937 | D:10     | Offered knowledge of Airstrike by Vehumet.
 17000 | D:10     | Learned a level 4 spell: Airstrike
 17084 | D:10     | Noticed an unseen horror
 17084 | D:10     | Killed an unseen horror
 17262 | D:10     | Found a shimmering blue altar of Sif Muna.
 17978 | Lair:1   | Entered Level 1 of the Lair of Beasts
 17993 | D:9      | HP: 1/79 [black mamba (4)]
 17993 | D:9      | Slain by a black mamba

Illustrated notes

Levels and vault maps discovered:
D:1:      dpeg_arrival_rooms_b, layout_basic
D:2:      layout_rooms, grunt_temple_overflow_cloverleaf, first_ration,
          uniq_sigmund
D:3:      kennysheep_slugbush, layout_basic, nicolae_qazlal_style_of_elements,
          minmay_quantized, uniq_terence, uniq_robin
D:4:      layout_layer_cave, kennysheep_little_box,
          gammafunk_ghost_gnarly_gnolls
D:5:      layout_cave_pools, serial_shops, shop
D:6:      cheibrodos_barr_body, layout_loops_ring, old_standard_altar,
          zin_angel, minivault_24, chequers_serial_rivers_small_3,
          moated_statue, uniq_pikel
D:7:      layout_basic, minmay_temple_entry_statues_fountains, minmay_bent,
          uniq_joseph
D:8:      layout_gridville, nicolae_ossuary_entry_monument, uniq_grum,
          uniq_harold
D:9:      layout_gridville, erik_lair_orcish_takeover, ebering_ghost_gozag
D:10:     layout_basic, basic_altar, the_bakery, kennysheep_generic_room_16
Temple:   dpeg_chambers_temple
Lair:1:   layout_big_grid

Skill      XL: |  1  2  3  4  5  6  7  8  9 10 11 |
---------------+----------------------------------+-----
Conjurations   | 2 3 4 5 6 7 8 9 |  9.4
Spellcasting   | 3 4 5 |  5.7
Fire Magic     | 4 5 6 8 9 |  9.7
Fighting       | 1 2 3 4 5 |  5.7
Dodging        | 3 4 5 6 |  6.3
Stealth        | 4 7 8 |  8.0

Action                   |  1- 3 |  4- 6 |  7- 9 | 10-12 || total
-------------------------+-------+-------+-------+-------++-------
Melee: Unarmed           |     7 |     8 |       |       ||    15
       Constrict         |     1 |     4 |    11 |    14 ||    30
       Tentacles         |     1 |     2 |    11 |    17 ||    31
       Mace              |       |       |    19 |       ||    19
       Whip              |       |       |    27 |    73 ||   100
 Cast: Foxfire           |    57 |   139 |   158 |    98 ||   452
       Inner Flame       |       |     2 |    21 |     1 ||    24
       Sticky Flame      |       |       |    19 |    31 ||    50
       Fireball          |       |       |     9 |    51 ||    60
Evoke: Wand              |       |     2 |       |       ||     2
  Use: Scroll            |       |     9 |     9 |     5 ||    23
       Potion            |       |     2 |     2 |     2 ||     6
 Stab: Sleeping          |       |       |       |     1 ||     1
  Eat: Chunk             |     5 |    11 |    18 |    19 ||    53
       Ration            |       |     1 |     2 |     4 ||     7
Armor: Skin              |    14 |     3 |    31 |    32 ||    80
Dodge: Dodged            |    30 |    39 |    91 |   102 ||   262
